 Dungeon Crawl Stone Soup version 0.29.1-1-gd02db6906a (webtiles) character file.

Game seed: 11796633686499561870

1040 jamesp the Changer (level 8, -1/48 HPs)
             Began as an Octopode Transmuter on Sept 29, 2022.
             Shot with an arrow by a centaur (7 damage)
             ... on level 5 of the Dungeon.
             The game lasted 00:15:49 (5725 turns).

jamesp the Changer (Octopode Transmuter)            Turns: 5725, Time: 00:15:49

Health: -1/48      AC:  1    Str: 10    XL:     8   Next: 24%
Magic:  13/14      EV: 13    Int: 23    God:
Gold:   301        SH:  0    Dex: 12    Spells: 12/16 levels left

rFire   + + +      SeeInvis .   l - +7 quarterstaff "Rivisk" {elec, *Slow rElec rF+++ Will+}
rCold   . . .      Faith    .   (shield currently unavailable)
rNeg    . . .      Spirit   .   (helmet currently unavailable)
rPois   .          Reflect  .   (no amulet)
rElec   +          Harm     .   f - +6 ring of intelligence
rCorr   .          Rampage  .   r - ring of wizardry
Will    +....                   (no ring)
Stlth   ++........              (no ring)
HPRegen 0.16/turn               (no ring)
MPRegen 0.14/turn               (no ring)
                                (no ring)
                                (no ring)

@: appendages
A: tentacle spike 3, almost no armour, amphibious, 8 rings, camouflage 1,
gelatinous body 1, (nimble swimmer 1), tentacles
a: End Transformation


You were on level 5 of the Dungeon.
One of your tentacles had grown a beastly spike.
You visited 1 branch of the dungeon, and saw 5 of its levels.

You collected 301 gold pieces.

Inventory:

Hand Weapons
 l - the +7 quarterstaff "Rivisk" (weapon) {elec, *Slow rElec rF+++ Will+}
   (You found it on level 3 of the Dungeon)

   It occasionally discharges a powerful burst of electricity upon striking a
   foe.
   rF:        It renders you almost immune to fire.
   rElec:     It insulates you from electricity.
   *Slow:     It may slow you when you take damage.
   Will:      It increases your willpower.
Missiles
 c - 47 stones
 g - 9 poisoned darts
Jewellery
 f - a +6 ring of intelligence (left tentacle)
 r - a ring of wizardry (right tentacle)
 s - an amulet of faith
Scrolls
 b - 3 scrolls of teleportation {unknown}
 d - a scroll of identify
 e - 2 scrolls of amnesia {unknown}
 h - a scroll of brand weapon {unknown}
 j - a scroll of magic mapping {unknown}
 k - a scroll of torment {unknown}
 p - a scroll of enchant armour {unknown}
Potions
 a - 2 potions of lignification
 i - a potion of resistance
 m - a potion of curing
 n - a potion of haste
 o - 3 potions of might
 q - 2 potions of flight


   Skills:
 + Level 1.5 Fighting
 + Level 3.7 Staves
 - Level 3.0 Dodging
 - Level 3.7 Unarmed Combat
 + Level 4.6 Spellcasting
 + Level 5.0 Transmutations
 - Level 4.2 Poison Magic


You had 12 spell levels left.
You knew the following spells:

 Your Spells              Type           Power      Damage    Failure   Level
a - Beastly Appendage     Tmut           56%        N/A       1%          1
b - Spider Form           Tmut/Pois      26%        N/A       1%          3

Your spell library contained the following spells:

 Spells                   Type           Power      Damage    Failure   Level
 Wereblood                Tmut           28%        N/A       1%          2
 Ice Form                 Ice/Tmut       17%        N/A       14%         4


Dungeon Overview and Level Annotations

Branches:
Dungeon (5/15)
 Temple: D:4-7

Altars:
Fedhas


Innate Abilities, Weirdness & Mutations

One of your tentacles has grown a beastly spike.
You cannot wear most types of armour.
You are amphibious.
You can wear up to eight rings at the same time.
Your skin changes colour to match your surroundings (Stealth+).
Your rubbery body absorbs attacks. (AC +1, EV +1)
((You are camouflaged when in or above water. (Stealth+)))
You have tentacles for arms and can constrict up to eight enemies at once.


Message History

You squeeze the gnoll.
The gnoll is severely wounded.
You constrict the gnoll. The gnoll hits you with a +0 whip!
You sock the gnoll! Lightning courses through the gnoll!
You kill the gnoll!
Things that are here:
a +0 whip; 5 gold pieces You now have 301 gold pieces (gained 35).
Things that are here:
a +0 spear; a gnoll corpse Your transformation is almost over.
You start resting.
Your tentacle spike disappears.
HP restored.
Found an arbalest.
You see here a +0 arbalest.
Things that are here:
a +0 spear; a gnoll skeleton
Things that are here:
a +0 whip; 5 gold pieces
Casting: Beastly Appendage (safe; 1% risk of failure)
Confirm with . or Enter, or press ? or * to list all spells.
One of your tentacles grows a vicious spike.
The gnoll shouts!
The centaur shouts!
The centaur wields a +0 shortbow.
The centaur shoots an arrow.
The arrow misses you. The gnoll misses you.
The centaur shoots an arrow.
The arrow hits you. The gnoll hits you with a +0 halberd!
You hit the gnoll. You grab the gnoll.
You pierce the gnoll, but do no damage.
You squeeze the gnoll.
The gnoll is heavily wounded.
You constrict the gnoll, but do no damage.
The centaur shoots an arrow.
The arrow hits you! The gnoll closely misses you.
The centaur shoots an arrow.
The arrow hits you!
* * * LOW HITPOINT WARNING * * *
You hit the gnoll.
You kill the gnoll!
The centaur shoots an arrow.
The arrow hits you!
You die...

.##..## . .##..#
##. .##..## ...
.##...# #.#
.##.#.####
###c####
.#.......#
#......#
.#.......#
#......#
.#.......#
#......#
.#.......#
##.@).(.#
.#.......#
##....####
###.###.## #..##.#
### #.#
#.#####)..).####.#
##..#
#.##...).#####...#
#..####..#.....#
#.###
#.##.........).#
#.#
.....###.......#
###.# .....#
#.......###...#


You could see a centaur.

Vanquished Creatures
  2 water moccasins (D:5)
  A black bear (D:5)
  An ogre (D:5)
  A phantom (D:4)
  2 scorpions (D:5)
  A bullfrog (D:4)
  A necrophage (D:4)
  A hound (D:4)
  4 iguanas
  5 gnolls
  7 adders
  A worm (D:2)
  A dart slug (D:4)
  5 bats
  9 endoplasms
  6 giant cockroaches
  10 goblins
  8 hobgoblins
  10 jackals
  2 kobolds
  6 quokkas
  8 ball pythons
  4 frilled lizards
  25 rats
121 creatures vanquished.

Notes
Turn   | Place    | Note
-------+----------+-------------------------------------------
     0 | D:1      | jamesp the Octopode Transmuter began the quest for the Orb.
     0 | D:1      | Reached XP level 1. HP: 13/13 MP: 3/3
   296 | D:1      | Reached XP level 2. HP: 13/18 MP: 3/5
   769 | D:1      | Reached XP level 3. HP: 10/23 MP: 6/6
  1206 | D:1      | Found a faded altar of an unknown god.
  1702 | D:2      | Reached XP level 4. HP: 23/28 MP: 7/7
  1840 | D:2      | Reached skill level 3 in Transmutations
  2024 | D:2      | Found a blossoming altar of Fedhas.
  2775 | D:3      | Reached XP level 5. HP: 21/33 MP: 9/9
  2787 | D:3      | Learned a level 3 spell: Spider Form
  2954 | D:3      | Identified the +7 quarterstaff "Rivisk" {elec, *Slow rElec
                  | rF+++ Will+}
  3067 | D:3      | Identified the +7 hand axe of the Empty Page {vorpal, Dex+4
                  | Stlth+}
  3873 | D:4      | Reached skill level 1 in Poison Magic
  3909 | D:4      | Reached skill level 1 in Staves
  3909 | D:4      | Reached XP level 6. HP: 38/38 MP: 10/10
  3960 | D:4      | Reached skill level 4 in Transmutations
  3990 | D:4      | Reached XP level 7. HP: 15/43 MP: 12/12
  4467 | D:5      | Entered Level 5 of the Dungeon
  5136 | D:5      | Reached XP level 8. HP: 48/48 MP: 14/14
  5191 | D:5      | Reached skill level 5 in Transmutations
  5725 | D:5      | Shot with an arrow by a centaur

Illustrated notes

Levels and vault maps discovered:
D:1:      lightli_iron_boxes, layout_basic, shapermc_ecumenical_altar_hornbeckon
D:2:      layout_basic, basic_altar, minmay_pentomino_w4
D:3:      layout_loops_corners, nicolae_eternal_life, minmay_rat_hole
D:4:      layout_rooms
D:5:      layout_rooms, st_stairs_8, nicolae_elemental_shop,
          nrook_pool_corridor, minmay_ogre_servants

Skill      XL: |  1  2  3  4  5  6  7  8 |
---------------+-------------------------+-----
Transmutations | 3 4 5 |  5.0
Dodging        | 3 |  3.0
Spellcasting   | 3 4 |  4.6
Poison Magic   | 1 2 4 |  4.2
Staves         | 1 2 3 |  3.7
Fighting       | |  1.5
Unarmed Combat | |  3.7

Action                   |  1- 3 |  4- 6 |  7- 9 || total
-------------------------+-------+-------+-------++-------
Melee: Unarmed           |    91 |    60 |     4 ||   155
       Constrict         |    22 |    20 |    10 ||    52
       Kick              |    10 |    10 |     4 ||    24
       Tentacles         |    13 |    17 |     8 ||    38
       Punch             |     2 |     1 |       ||     3
       Quarterstaff      |       |    42 |    30 ||    72
 Cast: Beastly Appendage |     9 |     3 |     4 ||    16
       Spider Form       |       |       |     2 ||     2
  Use: Scroll            |       |     3 |     2 ||     5
       Potion            |       |     2 |       ||     2
 Stab: Sleeping          |     7 |     7 |     1 ||    15
Armor: Skin              |     3 |     1 |     2 ||     6
Dodge: Dodged            |    56 |    53 |    17 ||   126
